[Event "Titled Tuesday Blitz February 21 Late 2023"]
[White "Kohler, Aran"]
[Black "Seletsky, Grigory"]
[WhiteFideId "1002856"]
[BlackFideId "14112191"]
[WhiteElo "2010"]
[BlackElo "2259"]
[Result "1-0"]
[Round "02"]
[TimeControl "180+2"]
[Date "2023.02.21"]
[WhiteClock "0:00:18"]
[BlackClock "0:00:03"]

1. Nf3 d5 2. d4 Bf5 3. Bf4 e6 4. e3 Bd6 5. Bg3 Nd7 6. Nbd2 Ne7 7. Ne5 Bxe5 8. dxe5 c5 9. Bb5 Nc6 10. Bxc6 bxc6 11. O-O O-O 12. c4 Bd3 13. Re1 dxc4 14. Rc1 Nb6 15. e4 Qd4 16. Rc3 Rfd8 17. Nf3 Qd7 18. h4 h5 19. Re3 a5 20. Ne1 a4 21. Nxd3 cxd3 22. Rexd3 Qe7 23. Rxd8+ Rxd8 24. Qc2 c4 25. f4 Qb4 26. Bf2 c5 27. a3 Qb5 28. f5 Rd3 29. Qc1 Rxc3 30. bxc3 Nd7 31. Bg3 Qb7 32. Qf4 exf5 33. exf5 Qd5 34. f6 Nf8 35. Qg5 Ng6 36. Qxh5 gxf6 37. Qf5 Nxe5 38. Bxe5 Qxe5 39. Qxe5 fxe5 40. g4 Kg7 41. Kf2 Kg6 42. Kf3 f6 43. Ke4 Kg7 44. g5 Kg6 45. gxf6 Kxf6 46. h5 Kg5 47. Kxe5 Kxh5 48. Kd5 Kg4 49. Kxc4 Kf3 50. Kxc5 Ke3 51. Kb5 Kd3 52. c4 Kd4 53. c5 Kd5 54. Kb6 Kc4 55. c6 Kb3 56. c7 Kxa3 57. c8=Q Kb2 58. Qh8+ Kb1 59. Qh3 Kb2 60. Kb5 a3 61. Kb4 a2 62. Qg2+ Kb1 63. Kb3 a1=N+ 64. Kc3 Nc2 65. Qxc2+ 1-0


[Site "https://www.chess.com"]

[Event "Titled Tuesday Blitz February 21 Late 2023"]
[White "reevecanada"]
[Black "Wang, Alexander J"]
[BlackFideId "30955270"]
[WhiteElo "2441"]
[BlackElo "1815"]
[Result "1-0"]
[Round "02"]
[TimeControl "180+2"]
[Date "2023.02.21"]
[WhiteClock "0:01:14"]
[BlackClock "0:00:15"]

1. e4 c5 2. Nf3 d6 3. d4 cxd4 4. Qxd4 Nc6 5. Qe3 Nf6 6. c4 g6 7. Nc3 Bg7 8. Be2 O-O 9. O-O Be6 10. Rb1 a5 11. b3 Ng4 12. Qd2 Nge5 13. Bb2 Nxf3+ 14. Bxf3 Qb6 15. Nd5 Bxd5 16. Bxg7 Kxg7 17. exd5 Ne5 18. Be4 Kg8 19. h3 Qc5 20. Kh2 a4 21. f4 Nd7 22. Rfc1 axb3 23. axb3 Nf6 24. Bf3 Rfc8 25. f5 Kg7 26. h4 Qa5 27. Qg5 h6 28. Qg3 Qd2 29. Re1 Re8 30. fxg6 fxg6 31. Re6 Ra2 32. Rbe1 Kf7 33. h5 g5 34. Be4 Nxe4 35. R1xe4 Qf2 36. Qg4 Kg7 37. Rxe7+ Rxe7 38. Rxe7+ Kf8 39. Rxb7 Qf4+ 40. Qxf4+ gxf4 41. Kh3 Re2 42. Kg4 Re5 43. Kxf4 Rxh5 44. g4 Rh1 45. Rd7 Rb1 46. Rxd6 Rxb3 47. Rxh6 Kf7 48. Rc6 Rb1 49. g5 Rf1+ 50. Ke5 Rg1 51. g6+ Ke7 52. Re6+ Kd7 53. c5 Re1+ 54. Kf6 Rf1+ 55. Kg7 Rd1 56. c6+ Kd8 57. d6 Rg1 58. c7+ Kd7 59. Re7+ Kc8 60. Re8+ Kd7 61. c8=Q+ Kxd6 62. Re6+ Kd5 63. Qc6+ Kd4 64. Re4+ Kd3 65. Qc4+ Kd2 66. Re2+ Kd1 67. Qc2# 1-0


[Site "https://www.chess.com"]

[Event "Titled Tuesday Blitz February 21 Late 2023"]
[White "Zhang, Alan"]
[Black "Grot, Blazej"]
[WhiteFideId "30936870"]
[BlackFideId "21835845"]
[WhiteElo "2001"]
[BlackElo "1990"]
[Result "1-0"]
[Round "02"]
[TimeControl "180+2"]
[Date "2023.02.21"]
[WhiteClock "0:00:03"]
[BlackClock "0:00:04"]

1. e4 e5 2. Nf3 Nc6 3. Bb5 a6 4. Ba4 Nf6 5. O-O Be7 6. Re1 d6 7. d4 exd4 8. Nxd4 Bd7 9. Nxc6 Bxc6 10. Bxc6+ bxc6 11. b3 O-O 12. Bb2 a5 13. a4 c5 14. Nd2 Qd7 15. Nc4 Rfe8 16. Qd3 h6 17. Rad1 Nh7 18. e5 Rad8 19. Nxa5 d5 20. Qg3 d4 21. Nc4 Qe6 22. c3 dxc3 23. Bxc3 Rb8 24. Bb2 Ng5 25. f4 Nh7 26. f5 Qxf5 27. e6 Bf6 28. exf7+ Kxf7 29. Qxc7+ Kg8 30. Rxe8+ Rxe8 31. Nd6 Qe6 32. Nxe8 Qxe8 33. Bxf6 Qe3+ 34. Kh1 Nxf6 35. Qd8+ Ne8 36. Qd3 Qe7 37. Qd5+ Kh8 38. Rc1 Nf6 39. Qxc5 Qf8 40. Qxf8+ Kh7 41. Rc7 Nh5 42. Qf5+ Kg8 43. Qxh5 1-0


[Site "https://www.chess.com"]

[Event "Titled Tuesday Blitz February 21 Late 2023"]
[White "Poeta, Caio Medeiros"]
[Black "Curtis, John"]
[WhiteFideId "2142660"]
[BlackFideId "3200256"]
[WhiteElo "2088"]
[BlackElo "2292"]
[Result "1-0"]
[Round "02"]
[TimeControl "180+2"]
[Date "2023.02.21"]
[WhiteClock "0:01:34"]
[BlackClock "0:00:04"]

1. d4 Nf6 2. c4 e6 3. g3 d5 4. Nf3 Be7 5. Bg2 O-O 6. O-O dxc4 7. Qc2 b5 8. a4 c6 9. axb5 cxb5 10. Ng5 h6 11. Nxf7 Rxf7 12. Bxa8 Qxd4 13. Be3 Qg4 14. Bf3 Qh3 15. Bg2 Qh5 16. Bxa7 Nbd7 17. Nc3 Ne5 18. Ne4 Nd5 19. Bc5 Bxc5 20. Nxc5 Rc7 21. Ne4 Bd7 22. Ra8+ Kf7 23. Nc3 Nf6 24. h3 Nc6 25. Nxb5 Nb4 26. Qa4 Bxb5 27. Qxb5 Nbd5 28. Qb8 Re7 29. e4 Nc7 30. e5 Nxa8 31. exf6 gxf6 32. Qxa8 Qc5 33. Qh8 f5 34. Qh7+ Ke8 35. Qxh6 c3 36. bxc3 Qxc3 37. Rc1 Qb2 38. Qh5+ Kd8 39. Rd1+ Rd7 40. Qg5+ Kc7 41. Qf4+ e5 42. Qc4+ Kd8 43. Qg8+ Kc7 44. Rxd7+ Kxd7 45. Qf7+ Kd6 46. Qxf5 Qb1+ 47. Qxb1 1-0


[Site "https://www.chess.com"]

[Event "Titled Tuesday Blitz February 21 Late 2023"]
[White "Chernomordik, Pavel"]
[Black "Marin Ramirez, Gerardo"]
[WhiteFideId "2804530"]
[BlackFideId "3901068"]
[WhiteElo "2150"]
[BlackElo "2127"]
[Result "1-0"]
[Round "02"]
[TimeControl "180+2"]
[Date "2023.02.21"]
[WhiteClock "0:00:25"]
[BlackClock "0:00:01"]

1. e4 e5 2. Nf3 Nc6 3. Bb5 a6 4. Ba4 Nf6 5. Qe2 b5 6. Bb3 d6 7. a4 Rb8 8. axb5 axb5 9. c3 Be7 10. d4 exd4 11. cxd4 Bg4 12. Be3 O-O 13. h3 Bh5 14. Nbd2 d5 15. e5 Ne4 16. g4 Bg6 17. h4 h5 18. g5 Nb4 19. Kf1 Ng3+ 20. fxg3 Bd3 21. Kf2 Bxe2 22. Kxe2 Qd7 23. Rhf1 Qf5 24. Kf2 Ra8 25. Rac1 Nd3+ 26. Kg2 Nxc1 27. Rxc1 Qd3 28. Bxd5 1-0


[Site "https://www.chess.com"]

[Event "Titled Tuesday Blitz February 21 Late 2023"]
[White "Manukyan, Sargis V."]
[Black "Tarnowska, Aleksandra"]
[WhiteFideId "13303465"]
[BlackFideId "1180967"]
[WhiteElo "2253"]
[BlackElo "1835"]
[Result "1-0"]
[Round "02"]
[TimeControl "180+2"]
[Date "2023.02.21"]
[WhiteClock "0:00:20"]
[BlackClock "0:00:01"]

1. Nf3 d5 2. d4 Nf6 3. g3 e6 4. Bg2 Bb4+ 5. c3 Be7 6. O-O O-O 7. c4 b6 8. Ne5 Bb7 9. Nc3 Nbd7 10. Qa4 c5 11. Nxd7 Nxd7 12. cxd5 cxd4 13. Qxd4 Bf6 14. Qd1 Bxc3 15. bxc3 exd5 16. Bxd5 Bxd5 17. Qxd5 Qe7 18. Bf4 Nf6 19. Qf3 Rfe8 20. Rfe1 Rac8 21. Bg5 Rc5 22. Bxf6 gxf6 23. Rad1 Rec8 24. Rd3 Qe6 25. a3 Qh3 26. Red1 Rh5 27. Qh1 Qg4 28. R1d2 Kg7 29. Qg2 Rhc5 30. Rd4 Qf5 31. e4 Qg4 32. e5 Qg6 33. exf6+ Qxf6 34. Rg4+ Kh8 35. h4 Rxc3 36. Qd5 Rxa3 37. h5 Ra1+ 38. Kh2 Re1 39. Rf4 Qh6 40. Qxf7 Ree8 41. Rd7 Rg8 42. Rf6 1-0


[Site "https://www.chess.com"]

[Event "Titled Tuesday Blitz February 21 Late 2023"]
[White "Magallanes, Rey Jomar"]
[Black "Nikolova, Adriana"]
[WhiteFideId "5205948"]
[BlackFideId "2908689"]
[WhiteElo "2052"]
[BlackElo "2252"]
[Result "1-0"]
[Round "02"]
[TimeControl "180+2"]
[Date "2023.02.21"]
[WhiteClock "0:02:25"]
[BlackClock "0:01:49"]

1. e4 c6 2. d4 d5 3. e5 Bf5 4. h4 h5 5. Bd3 Bxd3 6. Qxd3 e6 7. Bg5 Qb6 8. Nd2 Qa6 9. c4 Be7 10. Ngf3 Bxg5 11. Nxg5 Ne7 12. b3 Nf5 13. a4 Qa5 14. O-O Nxh4 15. Rfb1 Qb4 16. a5 Qe7 17. Ngf3 Nf5 18. b4 Nd7 19. b5 h4 20. cxd5 cxd5 21. b6 a6 22. Rc1 h3 23. g3 h2+ 24. Kh1 g5 25. Rc7 g4 26. Ne1 Rb8 27. Rac1 Qg5 28. Rc8+ Ke7 29. Qa3+ 1-0


[Site "https://www.chess.com"]

[Event "Titled Tuesday Blitz February 21 Late 2023"]
[White "Adel, Sara"]
[Black "Delorme, Axel"]
[WhiteFideId "10616764"]
[BlackFideId "632023"]
[WhiteElo "1739"]
[BlackElo "2483"]
[Result "0-1"]
[Round "02"]
[TimeControl "180+2"]
[Date "2023.02.21"]
[WhiteClock "0:00:16"]
[BlackClock "0:00:12"]

1. e4 c5 2. Nf3 d6 3. d4 cxd4 4. Nxd4 Nf6 5. Nc3 a6 6. f3 e5 7. Nb3 Be6 8. Be3 Be7 9. Qd2 O-O 10. g4 b5 11. g5 b4 12. Ne2 Ne8 13. h4 a5 14. h5 a4 15. Nbc1 d5 16. exd5 Qxd5 17. Nd3 Nc6 18. g6 Qxf3 19. Rg1 fxg6 20. hxg6 Bh4+ 21. Kd1 Qxf1+ 22. Rxf1 Rxf1+ 23. Ne1 Rxe1+ 24. Qxe1 Bxe1 25. gxh7+ Kxh7 26. Kxe1 Nf6 27. Ng3 a3 28. b3 Nd4 29. Bxd4 exd4 30. Kd2 Rc8 31. Rh1+ Kg8 32. Rh4 Bg4 33. Kd3 Rc3+ 34. Kxd4 Rxg3 35. Kc4 Rc3+ 36. Kxb4 Rxc2 37. Kxa3 g5 38. Rh1 Bf3 39. Rg1 g4 40. b4 Ne4 41. Kb3 Rc8 42. b5 g3 43. a4 g2 44. b6 Ng3 45. a5 Ne2 46. Re1 Rc1 47. Rxe2 Bxe2 48. b7 Rb1+ 0-1


[Site "https://www.chess.com"]

[Event "Titled Tuesday Blitz February 21 Late 2023"]
[White "Michalski, Olaf"]
[Black "Rengifo Blancas, Renzo Jhonathan"]
[WhiteFideId "1106740"]
[BlackFideId "3807185"]
[WhiteElo "2273"]
[BlackElo "2131"]
[Result "0-1"]
[Round "02"]
[TimeControl "180+2"]
[Date "2023.02.21"]
[WhiteClock "0:00:13"]
[BlackClock "0:02:04"]

1. d4 d5 2. c4 c6 3. cxd5 cxd5 4. Nc3 Nc6 5. e4 Nf6 6. e5 Ne4 7. f3 Nxc3 8. bxc3 e6 9. Bd3 Qa5 10. Bd2 Ba3 11. Rb1 Qd8 12. f4 O-O 13. Nf3 f5 14. exf6 Qxf6 15. O-O Bd6 16. Ne5 g6 17. Qa4 Ne7 18. Nd7 Bxd7 19. Qxd7 Rad8 20. Qxb7 Nf5 21. g3 Nxd4 22. cxd4 Qxd4+ 23. Kh1 Qxd3 24. Ba5 Qe4+ 25. Kg1 Bc5+ 0-1


[Site "https://www.chess.com"]

[Event "Titled Tuesday Blitz February 21 Late 2023"]
[White "Rodriguez Fontecha, Marcos"]
[Black "Levine, David"]
[WhiteFideId "2256576"]
[BlackFideId "2011611"]
[WhiteElo "2309"]
[BlackElo "2040"]
[Result "1-0"]
[Round "02"]
[TimeControl "180+2"]
[Date "2023.02.21"]
[WhiteClock "0:00:04"]
[BlackClock "0:00:02"]

1. Nf3 d5 2. d4 Nf6 3. g3 e6 4. Bg2 Be7 5. c4 O-O 6. O-O dxc4 7. Qc2 b5 8. a4 Bb7 9. axb5 a6 10. bxa6 Nxa6 11. Qxc4 Bd5 12. Qc3 c5 13. dxc5 Ne4 14. Qe1 Naxc5 15. Rxa8 Qxa8 16. Nc3 Nxc3 17. Qxc3 Rc8 18. Qa3 Qb7 19. Qe3 Bf6 20. b4 Qxb4 21. Ba3 Qa5 22. Rc1 Be7 23. Nd4 Bxg2 24. Kxg2 Qa8+ 25. f3 Bf8 26. Qc3 Qa6 27. Kf1 h6 28. Bb4 Rc7 29. Rc2 e5 30. Nb3 Nxb3 31. Qxc7 Bxb4 32. Qb8+ Kh7 33. Qxb4 Nd4 34. Rd2 Qa1+ 35. Kf2 Qh1 36. h4 f6 37. Qc4 Qh2+ 38. Ke3 Qxg3 39. Qd3+ Kg8 40. Qe4 Qg1+ 41. Kd3 Qb1+ 42. Ke3 1-0


[Site "https://www.chess.com"]

[Event "Titled Tuesday Blitz February 21 Late 2023"]
[White "Marin Masis, Jose Esteban"]
[Black "Ozdemir, Serhan Berat"]
[WhiteFideId "6508146"]
[BlackFideId "6374611"]
[WhiteElo "1938"]
[BlackElo "2223"]
[Result "0-1"]
[Round "02"]
[TimeControl "180+2"]
[Date "2023.02.21"]
[WhiteClock "0:00:14"]
[BlackClock "0:00:58"]

1. e4 c5 2. Nf3 e6 3. d4 cxd4 4. Nxd4 a6 5. c4 Nf6 6. Nc3 Bb4 7. Bd3 Nc6 8. Nxc6 dxc6 9. O-O e5 10. Bg5 h6 11. Bh4 Be7 12. Qb3 Qc7 13. Bg3 Be6 14. Qc2 O-O 15. b3 Rad8 16. Rad1 Nh5 17. Be2 Nf4 18. Bf3 g5 19. Bxf4 gxf4 20. Na4 Kh8 21. Nb2 Rg8 22. Nd3 f6 23. c5 Qc8 24. g3 fxg3 25. hxg3 Bg4 26. Qe2 h5 27. b4 Bxf3 28. Qxf3 Qg4 29. Kg2 Rd4 30. Qxg4 hxg4 31. Rfe1 Rgd8 32. Re3 a5 33. a3 axb4 34. axb4 Kg7 35. Ree1 Rxd3 36. Ra1 Rb3 37. Ra7 Rxb4 0-1


[Site "https://www.chess.com"]

[Event "Titled Tuesday Blitz February 21 Late 2023"]
[White "Tymrakiewicz, Rafal"]
[Black "Winkels, Marcel"]
[WhiteFideId "1108832"]
[BlackFideId "1003887"]
[WhiteElo "2144"]
[BlackElo "1960"]
[Result "1-0"]
[Round "02"]
[TimeControl "180+2"]
[Date "2023.02.21"]
[WhiteClock "0:01:03"]
[BlackClock "0:00:01"]

1. e4 c5 2. c3 e5 3. Nf3 Nc6 4. Bc4 Nf6 5. O-O Be7 6. Re1 O-O 7. a3 d6 8. b4 Bg4 9. h3 Bh5 10. d3 a6 11. g4 Bg6 12. Qb3 b5 13. Bd5 Nxd5 14. Qxd5 Qc7 15. Be3 cxb4 16. axb4 Rac8 17. h4 h5 18. g5 Ra8 19. Nbd2 Kh7 20. Nf1 f5 21. gxf6 Bxf6 22. Qb3 Qe7 23. Ng5+ Bxg5 24. Bxg5 Qf7 25. Qxf7 Rxf7 26. Ne3 Ne7 27. Kg2 Rc8 28. Rec1 d5 29. Bxe7 Rxe7 30. Nxd5 Re6 31. Ra3 Bf7 32. Kf1 Rd6 33. Ke2 Bxd5 34. exd5 Rxd5 35. Rxa6 Rcd8 36. Rd1 e4 37. d4 Rf5 38. Re6 Rc8 39. Rc1 Rf3 40. Rxe4 Rcxc3 41. Rxc3 Rxc3 42. d5 Rc8 43. Kd3 Kg8 44. Rf4 Rd8 45. Kd4 g6 46. Kc5 Kg7 47. d6 Kg8 48. Kc6 Rc8+ 49. Kxb5 1-0


[Site "https://www.chess.com"]

[Event "Titled Tuesday Blitz February 21 Late 2023"]
[White "Marcolino, Daniel Mattos"]
[Black "Jovic, Stanoje"]
[WhiteFideId "2106841"]
[BlackFideId "905020"]
[WhiteElo "2006"]
[BlackElo "2075"]
[Result "0-1"]
[Round "02"]
[TimeControl "180+2"]
[Date "2023.02.21"]
[WhiteClock "0:00:17"]
[BlackClock "0:01:49"]

1. d4 Nf6 2. Nf3 e6 3. c4 b6 4. g3 Ba6 5. b3 Bb4+ 6. Bd2 Be7 7. Bg2 d5 8. cxd5 exd5 9. O-O c5 10. Re1 Nc6 11. e3 O-O 12. Nc3 Re8 13. dxc5 bxc5 14. Rc1 Nb4 15. Ne5 Bd6 16. a3 Bxe5 17. axb4 cxb4 18. Na4 Rb8 19. Nc5 Bc8 20. Qe2 a5 21. Red1 Bg4 22. f3 Bh5 23. Qf2 d4 24. e4 Rc8 25. Nd3 Rxc1 26. Rxc1 Nd7 27. f4 Bc7 28. Qxd4 Bb6 29. Nc5 Bxc5 30. Rxc5 Nxc5 31. Qxc5 Qxd2 0-1


[Site "https://www.chess.com"]

[Event "Titled Tuesday Blitz February 21 Late 2023"]
[White "Dzida, Kamil"]
[Black "Bongo Akanga Ndjila, Barthelemy"]
[WhiteFideId "21828652"]
[BlackFideId "10609431"]
[WhiteElo "2352"]
[BlackElo "1824"]
[Result "1-0"]
[Round "02"]
[TimeControl "180+2"]
[Date "2023.02.21"]
[WhiteClock "0:02:16"]
[BlackClock "0:01:54"]

1. d4 d5 2. c4 e6 3. Nf3 a6 4. Nc3 dxc4 5. a4 Nc6 6. e4 Na5 7. Nd2 Qxd4 8. Be2 Bb4 9. O-O Bxc3 10. bxc3 Qxc3 11. Rb1 Nf6 12. Bb2 Qb4 13. Bxf6 Qc5 14. Nb3 1-0


[Site "https://www.chess.com"]

[Event "Titled Tuesday Blitz February 21 Late 2023"]
[White "Calcada, Lucas Galvan"]
[Black "Miszler, Levente"]
[WhiteFideId "22746099"]
[BlackFideId "763276"]
[WhiteElo "1739"]
[BlackElo "2271"]
[Result "0-1"]
[Round "02"]
[TimeControl "180+2"]
[Date "2023.02.21"]
[WhiteClock "0:01:41"]
[BlackClock "0:01:46"]

1. e4 Nc6 2. d4 e5 3. d5 Nce7 4. c4 Ng6 5. Nc3 Nf6 6. f3 Bc5 7. Nh3 d6 8. Nf2 a5 9. Nd3 Bb6 10. Na4 Bd4 11. Qe2 O-O 12. Be3 Bxe3 13. Qxe3 Ne8 14. Be2 f5 15. O-O f4 16. Qf2 Nf6 17. c5 Bd7 18. Nc3 Ne8 19. Rac1 dxc5 20. Nxc5 Nd6 21. Rfd1 a4 22. Ne6 Bxe6 23. dxe6 Ne7 24. Qc5 Nc6 25. Nd5 Re8 26. Nxc7 Qxc7 27. Qxd6 Qxd6 28. Rxd6 Nd4 29. Bc4 Rac8 30. Rc2 Nxc2 0-1


[Site "https://www.chess.com"]

[Event "Titled Tuesday Blitz February 21 Late 2023"]
[White "Figorito, Nick"]
[Black "Avgoustopoulos, Christian"]
[WhiteFideId "30923689"]
[BlackFideId "2122294"]
[WhiteElo "2036"]
[BlackElo "1969"]
[Result "1-0"]
[Round "02"]
[TimeControl "180+2"]
[Date "2023.02.21"]
[WhiteClock "0:01:31"]
[BlackClock "0:01:05"]

1. Nf3 d6 2. g3 e5 3. Bg2 Nf6 4. O-O Be7 5. c4 O-O 6. Nc3 h6 7. d3 Be6 8. e4 Nbd7 9. Be3 Ng4 10. Bd2 f5 11. exf5 Bxf5 12. Ne1 Ngf6 13. Bxb7 Rb8 14. Bg2 Rxb2 15. Rb1 Qb8 16. Qc1 Rxb1 17. Qxb1 Qxb1 18. Nxb1 Rb8 19. Nc3 Rb2 20. Bc1 Rc2 21. Nxc2 Bxd3 22. Ne3 Bxf1 23. Kxf1 Nc5 24. Ncd5 Bd8 25. Nxf6+ Bxf6 26. Nd5 Bd8 27. Be3 Nd3 28. Bxa7 Nb2 29. Ne3 Bg5 30. Bb8 Bd8 31. Ke2 Kf7 32. Kd2 Ke6 33. Kc2 Na4 34. Ba7 g6 35. Kb3 Nb6 36. Bxb6 cxb6 37. Nd5 Kf5 38. h3 g5 39. Ne3+ Ke6 40. Kb4 h5 41. Kb5 1-0


[Site "https://www.chess.com"]

[Event "Titled Tuesday Blitz February 21 Late 2023"]
[White "Chemin, Justo Reinaldo"]
[Black "Kalajzic, Ivan"]
[WhiteFideId "2101580"]
[BlackFideId "14506378"]
[WhiteElo "2040"]
[BlackElo "2062"]
[Result "0-1"]
[Round "02"]
[TimeControl "180+2"]
[Date "2023.02.21"]
[WhiteClock "0:00:01"]
[BlackClock "0:00:11"]

1. d4 Nc6 2. Nf3 d6 3. d5 Ne5 4. Bf4 Ng6 5. Bg3 e5 6. e4 Be7 7. c4 Nh6 8. Nc3 O-O 9. Bd3 f5 10. exf5 Nxf5 11. Qc2 Bd7 12. O-O-O a6 13. Kb1 Qe8 14. Ne4 b6 15. h4 h6 16. h5 Nf4 17. Bxf4 exf4 18. Rde1 Qf7 19. Qd2 Rae8 20. Qxf4 Bd8 21. Ng3 Nxg3 22. Qxg3 Bf5 23. Bxf5 Qxf5+ 24. Ka1 Bf6 25. Qg6 Rxe1+ 26. Rxe1 Qf4 27. Qe4 Qxe4 28. Rxe4 Kf7 29. Kb1 Rb8 30. Kc2 b5 31. cxb5 Rxb5 32. b3 Rxd5 33. Rc4 c5 34. Ra4 Rxh5 35. Rxa6 Ke6 36. a4 Rh1 37. Nd2 Rg1 38. g3 Rg2 39. Ne4 Ke5 40. Nxd6 Rxf2+ 41. Kd3 Rf3+ 42. Kc4 Rxg3 43. a5 h5 44. Ra8 g5 45. Nf7+ Kf4 46. a6 Rc3+ 47. Kd5 Rxb3 48. a7 Ra3 49. Rf8 Rxa7 0-1


[Site "https://www.chess.com"]

[Event "Titled Tuesday Blitz February 21 Late 2023"]
[White "Gatterer, Florian"]
[Black "Torres Dominguez, David"]
[WhiteFideId "811688"]
[BlackFideId "2220857"]
[WhiteElo "2170"]
[BlackElo "1994"]
[Result "0-1"]
[Round "02"]
[TimeControl "180+2"]
[Date "2023.02.21"]
[WhiteClock "0:00:01"]
[BlackClock "0:02:09"]

1. d4 e5 2. dxe5 d6 3. Nf3 Bg4 4. Bg5 Qd7 5. Nbd2 Nc6 6. c3 dxe5 7. Qa4 f6 8. Bh4 Nh6 9. h3 Be6 10. g4 O-O-O 11. O-O-O Qf7 12. b3 Kb8 13. e3 Be7 14. Bc4 Bxc4 15. Qxc4 Qxc4 16. Nxc4 Rxd1+ 17. Rxd1 Rd8 18. Rxd8+ Bxd8 19. e4 Kc8 20. Nfd2 Kd7 21. f3 Be7 22. Bf2 a6 23. b4 b5 24. Ne3 Nf7 25. Kc2 Bd8 26. Nd5 Ne7 27. Ne3 c6 28. Nf5 g6 29. Nxe7 Bxe7 30. Nb3 Ng5 31. Bc5 Nxh3 32. Bxe7 Kxe7 33. Nc5 Ng1 34. Nxa6 Nxf3 35. Nb8 Kd6 36. Kd3 h5 37. gxh5 gxh5 38. Ke3 Ng5 39. Na6 h4 40. Nc5 h3 41. Kf2 Ne6 42. Nb7+ Kc7 43. Na5 Nf4 44. Kg3 Ne2+ 45. Kxh3 Nxc3 46. Kg4 Nxe4 47. Kf5 Nc3 48. Kxf6 e4 49. Nb3 e3 50. Nd4 e2 51. Nxe2 Nxe2 52. Ke5 Nc3 53. a3 Nb1 54. a4 bxa4 55. Kd4 a3 56. Kd3 a2 57. Kc2 Nc3 58. Kb2 Kb6 59. Ka1 Kb5 60. Kb2 Kxb4 61. Ka1 c5 62. Kb2 c4 63. Ka1 Kc5 64. Kb2 Kd4 65. Ka1 Kd3 66. Kb2 Kd2 67. Ka1 Na4 68. Kxa2 c3 69. Kb3 c2 70. Kb4 c1=Q 71. Kb5 Qc5+ 72. Kxa4 Qb6 0-1


[Site "https://www.chess.com"]

[Event "Titled Tuesday Blitz February 21 Late 2023"]
[White "Meunier-Pion, Jean"]
[Black "Gurevich, Ilya"]
[WhiteFideId "20685327"]
[BlackFideId "2000628"]
[WhiteElo "2215"]
[BlackElo "2586"]
[Result "0-1"]
[Round "02"]
[TimeControl "180+2"]
[Date "2023.02.21"]
[WhiteClock "0:00:03"]
[BlackClock "0:00:07"]

1. e4 c5 2. Nf3 e6 3. d4 cxd4 4. Nxd4 Nf6 5. Nc3 Nc6 6. Nxc6 bxc6 7. e5 Nd5 8. Ne4 Qc7 9. f4 Qb6 10. c4 Ne3 11. Qe2 Bb4+ 12. Nc3 Nxf1 13. Rxf1 O-O 14. Bd2 Be7 15. b3 d6 16. Ne4 d5 17. Ng3 Rd8 18. f5 exf5 19. Nxf5 Bxf5 20. Rxf5 dxc4 21. Qxc4 Qg1+ 22. Rf1 Qxg2 23. Bc3 Kh8 24. Rf2 Qg1+ 25. Ke2 Qg6 26. e6 f6 27. Rc1 Qh5+ 28. Kf1 Bc5 29. Rxf6 Qh3+ 30. Ke2 Qg2+ 31. Ke1 Qg1+ 32. Ke2 Qe3+ 33. Kf1 Qg1+ 34. Ke2 Qe3+ 35. Kf1 Rf8 36. Rxf8+ Rxf8+ 37. Kg2 Rf2+ 38. Kh1 Qf3+ 39. Kg1 Qg2# 0-1


[Site "https://www.chess.com"]

[Event "Titled Tuesday Blitz February 21 Late 2023"]
[White "Eckert, Doug"]
[Black "Fernandez Garcia, Gumersindo"]
[WhiteFideId "2001993"]
[BlackFideId "24516740"]
[WhiteElo "2075"]
[BlackElo "2160"]
[Result "1/2-1/2"]
[Round "02"]
[TimeControl "180+2"]
[Date "2023.02.21"]
[WhiteClock "0:00:11"]
[BlackClock "0:00:14"]

1. d4 Nf6 2. c4 e6 3. Nc3 Bb4 4. Qc2 O-O 5. e4 d6 6. e5 Ne8 7. Nf3 Nc6 8. Bd3 g6 9. Bh6 Ng7 10. h4 dxe5 11. dxe5 Nd4 12. Nxd4 Qxd4 13. O-O-O Qxe5 14. h5 Bxc3 15. bxc3 Qf6 16. hxg6 hxg6 17. Qd2 e5 18. Bg5 Qa6 19. Rh4 Qa3+ 20. Kb1 f5 21. Rdh1 e4 22. Be2 Be6 23. g4 a5 24. Qd4 c5 25. Qe5 Ra6 26. Rh8+ Kf7 27. Rxf8+ Kxf8 28. Rh8+ Bg8 29. Qb8+ Ne8 30. Rxg8+ Kxg8 31. Qxe8+ Kg7 32. Qe7+ Kg8 33. Qe8+ Kg7 34. Qe7+ Kg8 35. Qe8+ 1/2-1/2


[Site "https://www.chess.com"]

[Event "Titled Tuesday Blitz February 21 Late 2023"]
[White "Hoffmann, Asa"]
[Black "Mitrovic, Darko R"]
[WhiteFideId "2001470"]
[BlackFideId "927023"]
[WhiteElo "2185"]
[BlackElo "2220"]
[Result "1-0"]
[Round "02"]
[TimeControl "180+2"]
[Date "2023.02.21"]
[WhiteClock "0:00:36"]
[BlackClock "0:00:01"]

1. d4 Nf6 2. Bg5 e6 3. Nd2 d5 4. e3 Be7 5. Bd3 b6 6. f4 Bb7 7. Ngf3 Nbd7 8. O-O h6 9. Bh4 O-O 10. c3 Ne4 11. Bxe7 Qxe7 12. Bxe4 dxe4 13. Ne5 Rfd8 14. Qh5 f5 15. g4 Nxe5 16. fxe5 Bc8 17. gxf5 exf5 18. Kh1 Qg5 19. Qe2 Be6 20. Rg1 Qh4 21. Rg3 Kh7 22. Rag1 Rg8 23. Qf2 g5 24. Nf1 f4 25. exf4 Qxf4 26. Qe3 Raf8 27. b3 c5 28. dxc5 bxc5 29. Qxc5 e3 30. Nxe3 Bf7 31. Qd4 Bg6 32. Ng2 Be4 33. Qe3 Bxg2+ 34. R1xg2 Qxe3 35. Rxe3 Rf1+ 36. Rg1 Rf2 37. Rge1 Rd8 38. R3e2 Rxe2 39. Rxe2 Kg6 40. e6 Re8 41. e7 Kf7 42. c4 Rxe7 43. Rxe7+ Kxe7 44. Kg2 Kd6 45. Kf3 Kc5 46. Kg4 1-0


[Site "https://www.chess.com"]

[Event "Titled Tuesday Blitz February 21 Late 2023"]
[White "Davidson, Kevin"]
[Black "Jesusesmifuerza"]
[WhiteFideId "2056810"]
[WhiteElo "2154"]
[BlackElo "2009"]
[Result "1-0"]
[Round "02"]
[TimeControl "180+2"]
[Date "2023.02.21"]
[WhiteClock "0:02:05"]
[BlackClock "0:01:51"]

1. e4 c5 2. Nf3 e6 3. d4 cxd4 4. Nxd4 Nf6 5. Nc3 Nc6 6. Ndb5 Bc5 7. Nd6+ Ke7 8. Bf4 e5 9. Nf5+ Kf8 10. Bg5 Bb4 11. Bxf6 Qxf6 12. Bc4 Nd4 13. Ne3 d6 14. O-O Be6 15. Ncd5 1-0


[Site "https://www.chess.com"]

[Event "Titled Tuesday Blitz February 21 Late 2023"]
[White "Better_Chess_Faster"]
[Black "Rosenberg, Evan S"]
[BlackFideId "2019299"]
[WhiteElo "1982"]
[BlackElo "1956"]
[Result "0-1"]
[Round "02"]
[TimeControl "180+2"]
[Date "2023.02.21"]
[WhiteClock "0:00:28"]
[BlackClock "0:00:08"]

1. c4 e6 2. g3 d5 3. Nf3 c5 4. Bg2 Nc6 5. O-O d4 6. e3 Nf6 7. exd4 cxd4 8. Re1 Bd6 9. d3 h6 10. b4 Bxb4 11. Nbd2 O-O 12. Bb2 Re8 13. Ne5 Nxe5 14. Rxe5 Rb8 15. Nf3 Bc3 16. Bxc3 dxc3 17. Qc2 Nd7 18. Re3 Qa5 19. d4 b5 20. Qxc3 Qxc3 21. Rxc3 bxc4 22. Rxc4 Nb6 23. Rc7 Rb7 24. Rac1 Rxc7 25. Rxc7 a6 26. Ne5 Rf8 27. Nc6 Bd7 28. a4 Bxc6 29. Bxc6 Rd8 30. Ra7 Rxd4 31. Rxa6 Nc4 32. Bb5 Ne5 33. Kg2 Rd2 34. h3 g5 35. Ra8+ Kg7 36. a5 Ra2 37. a6 g4 38. hxg4 Nxg4 39. a7 Rxf2+ 40. Kh3 h5 41. Rg8+ Kf6 42. Rxg4 hxg4+ 43. Kxg4 Ra2 44. Kf4 Rxa7 45. Bd3 Ra4+ 46. Kf3 Kg5 47. Bh7 f5 48. Bg8 e5 49. Be6 Ra3+ 50. Kf2 e4 51. Bc4 Kg4 52. Be6 Rf3+ 53. Ke2 Rxg3 54. Kf2 Ra3 55. Ke2 Kf4 56. Kf2 e3+ 57. Ke2 Ra6 58. Bd5 Rd6 59. Bb7 Rd2+ 60. Ke1 Ke5 61. Bc6 f4 62. Bf3 Kd4 63. Be2 Rxe2+ 64. Kxe2 Ke4 65. Ke1 f3 66. Kd1 Kd3 67. Kc1 e2 68. Kb2 e1=Q 69. Kb3 Qc3+ 70. Ka4 Qb2 71. Ka5 Kc4 72. Ka6 Kc5 73. Ka7 Kc6 74. Ka8 Qb7# 0-1


[Site "https://www.chess.com"]